 Dungeon Crawl Stone Soup version 0.27.1-33-g824d729ab1 (webtiles) character file.

Game seed: 12455629340251137137

2501 pkoi the Grappler (level 9, -4/69 (70) HPs)
             Began as a Green Draconian Monk on Nov 24, 2021.
             Was a Believer of Dithmenos.
             Slain by Harold (11 damage)
             ... on level 7 of the Dungeon.
             The game lasted 00:12:02 (8754 turns).

pkoi the Grappler (Green Draconian Monk)            Turns: 8754, Time: 00:12:03

HP:   -4/69 (70)    AC:  8    Str: 14    XL:     9   Next: 28%
MP:   0/13          EV: 13    Int: 14    God:    Dithmenos [**....]
Gold: 366           SH:  8    Dex: 19    Spells: 7/13 levels left

rFire    . . .     SeeInvis .     - Unarmed
rCold    . . .     Faith    .   o - +2 buckler {rN+}
rNeg     + . .     Spirit   +   (armour unavailable)
rPois    +         Reflect  .   (helmet restricted)
rElec    .         Harm     .   r - +0 cloak
rCorr    .         Rampage  .   (no gloves)
Will     .....                  (no boots)
Stlth    +++.......             c - amulet of guardian spirit
HPRegen  0.21/turn              i - +6 ring of dexterity
MPRegen  0.13/turn              (no ring)

@: short of breath, wreathed by umbra, lightly drained
A: breathe noxious fumes, AC +7, unfitting armour, poison resistance,
cold-blooded
a: Breathe Noxious Fumes, Renounce Religion, Shadow Step


You were on level 7 of the Dungeon.
You worshipped Dithmenos.
Dithmenos was pleased with you.
You visited 2 branches of the dungeon, and saw 8 of its levels.

You collected 470 gold pieces.
You spent 104 gold pieces at shops.

Inventory:

Hand Weapons
 b - a +1 short sword of venom
Missiles
 u - 22 stones (quivered)
Armour
 o - a +2 buckler of positive energy (worn)
 r - a +0 cloak (worn)
Jewellery
 c - an amulet of guardian spirit (around neck)
 i - a +6 ring of dexterity (left hand)
Wands
 q - a wand of polymorph (8)
 t - a wand of digging (4)
Scrolls
 d - a scroll of summoning {unknown}
 e - 4 scrolls of identify {unknown}
 f - 3 scrolls of teleportation {unknown}
 g - 2 scrolls of enchant armour {unknown}
 m - 3 scrolls of magic mapping {unknown}
 p - 2 scrolls of enchant weapon {unknown}
 s - a scroll of blinking {unknown}
Potions
 a - a potion of lignification
 h - a potion of mutation
 j - 2 potions of might {unknown}
 k - 2 potions of haste {unknown}
 l - 4 potions of curing {unknown}
 n - a potion of ambrosia {unknown}


   Skills:
 - Level 3.2 Fighting
 + Level 3.3 Dodging
 - Level 1.7 Stealth
 - Level 4.0 Shields
 + Level 10.5 Unarmed Combat
 + Level 2.7 Spellcasting
 + Level 2.9 Translocations
 + Level 3.0 Transmutations


You had 7 spell levels left.
You knew the following spells:

 Your Spells              Type           Power      Damage    Failure   Level
a - Apportation           Tloc           20%        N/A       7%          1
b - Blade Hands           Tmut           5%         N/A       87%         5

Your spell library contained the following spells:

 Spells                   Type           Power      Damage    Failure   Level
 Gell's Gravitas          Tloc           5%         N/A       21%         3
 Teleport Other           Tloc           10%        N/A       21%         3
 Animate Skeleton         Necr           2%         N/A       22%         1
 Corona                   Hex            1%         N/A       22%         1
 Summon Small Mammal      Summ           4%         N/A       22%         1
 Portal Projectile        Hex/Tloc       12%        N/A       34%         3
 Alistair's Intoxication  Tmut/Pois      4%         N/A       97%         5
 Borgnjor's Vile Clutch   Necr/Erth      0%         N/A       99%         5
 Excruciating Wounds      Necr           0%         N/A       99%         5
 Dispersal                Tloc           5%         N/A       100%        6
 Eringya's Noxious Bog    Tmut/Pois      3%         N/A       100%        6


Dungeon Overview and Level Annotations

Branches:
Dungeon (7/15)             Temple (1/1) D:6

Altars:
Ashenzari
Cheibriados
Dithmenos
Elyvilon
Gozag
Hepliaklqana
Kikubaaqudgha
Nemelex Xobeh
Okawaru
Qazlal
Ru
Trog
Uskayaw
Vehumet
Wu Jian
Xom
Zin
The Shining One

Shops:
D:4 *

Annotations:
D:4 4 runed translucent doors
D:7 3 runed translucent doors, Cheops's ghost, novice NaFE; Harold


Innate Abilities, Weirdness & Mutations

You can breathe blasts of noxious fumes.
Your lurid green scales are hard. (AC +7)
You cannot fit into any form of body armour.
Your system is resistant to poisons. (rPois)
You are cold-blooded and may be slowed by cold attacks.


Message History

Harold hits you with a +0 mace!!
You hit Harold.
Harold is heavily wounded.
Harold hits you with a +0 mace.
You hit Harold but do no damage.
Harold is heavily wounded.
You have got your breath back.
You block Harold's attack.
You hit Harold. You tail-slap Harold.
Harold is heavily wounded.
Harold hits you with a +0 mace.
You hit Harold.
Your tail-slap misses Harold.
Harold is heavily wounded.
You barely miss Harold. You tail-slap Harold.
Harold is heavily wounded.
Harold hits you with a +0 mace.
You closely miss Harold.
Harold is heavily wounded.
Harold hits you with a +0 mace!
* * * LOW HITPOINT WARNING * * *
Press: ? - help, Shift-Dir - straight line, f/p - Harold
Aim: Harold, wielding a +0 mace and wearing a +0 chain mail (heavily wounded, umbra)
You fail to use your ability.
Harold hits you with a +0 mace!
* * * LOW HITPOINT WARNING * * *
Unknown command.
You hit Harold. You tail-slap Harold, but do no damage.
Harold is severely wounded.
Harold hits you with a +0 mace!
* * * LOW HITPOINT WARNING * * *
You hit Harold. You tail-slap Harold, but do no damage.
Harold is severely wounded.
You block Harold's attack.
Press: ? - help, Shift-Dir - straight line, f/p - Harold
Aim: Harold, wielding a +0 mace and wearing a +0 chain mail (severely wounded, umbra)
You exhale a blast of noxious fumes.
The blast of choking fumes misses Harold.
Harold is engulfed in noxious fumes.
Harold appears confused.
Harold looks very confused.
Harold hits you with a +0 mace!
You die...

#....#...#.###.....####.........[
#..##....#.# #####.####.........<
#.....##.#.# #...............
####.......############......####
#####............[[......#..##
>........†....#############..##
....)......##...## ##.[#
...........####.<# ##.###
..............##@# #...#
#####...@###.##@# ##### ###..
#....#..##### #...##########
###.....#.#.#.###...........
##.##..#.....# ############
P####P>....+W...## #
........#..+.Z.(.#
P####P..##.+Z..$## ##..##.#W..).#


You could see Harold (confused).

Vanquished Creatures
  A steam dragon (D:6)
  Menkaure (D:7)
  A water moccasin (D:7)
  Duvessa (D:7)
  A hornet zombie (D:7)
  A necrophage (D:5)
  2 centaurs (D:5)
  3 ogres
  A phantom (D:7)
  A kobold brigand (D:4)
  A gnoll sergeant (D:6)
  2 bullfrogs
  3 scorpions
  2 water moccasin zombies
  Dowan (D:7)
  8 wights
  A centaur zombie (D:7)
  2 jellies (D:6)
  2 hounds
  2 orc priests (D:6)
  4 iguanas
  5 gnolls
  6 adders
  2 shadow imps
  3 white imps (D:6)
  An adder zombie (D:4)
  2 worms
  2 dart slugs
  5 orcs
  5 bats
  2 endoplasms
  A giant cockroach (D:4)
  6 goblins
  5 hobgoblins
  4 jackals (D:3)
  2 quokkas
  2 ball pythons
  3 frilled lizards
  8 kobolds
  3 rats
108 creatures vanquished.

Notes
Turn   | Place    | Note
-------+----------+-------------------------------------------
     0 | D:1      | pkoi the Draconian Monk began the quest for the Orb.
     0 | D:1      | Reached XP level 1. HP: 19/19 MP: 1/1
   470 | D:1      | Reached XP level 2. HP: 5/26 MP: 0/2
  1311 | D:2      | Reached skill level 4 in Unarmed Combat
  1405 | D:2      | Found a faded altar of an unknown god.
  1777 | D:2      | Reached XP level 3. HP: 31/31 MP: 3/3
  3121 | D:4      | Reached skill level 5 in Unarmed Combat
  3121 | D:4      | Reached XP level 4. HP: 37/38 MP: 4/4
  3132 | D:4      | Found Sooxiyl's General Store.
  3140 | D:4      | Bought a potion of mutation for 104 gold pieces
  3226 | D:4      | Found a large runed translucent door.
  3227 | D:4      | Found a large runed translucent door.
  3233 | D:4      | Noticed a necrophage
  3239 | D:4      | Found a large runed translucent door.
  3239 | D:4      | Found a large runed translucent door.
  3392 | D:4      | You fall into a shaft and drop 2 floors!
  3415 | D:6      | Reached XP level 5. HP: 29/45 MP: 3/5
  3545 | D:6      | Reached skill level 6 in Unarmed Combat
  3912 | D:6      | Reached skill level 7 in Unarmed Combat
  3912 | D:6      | Reached XP level 6. HP: 7/51 MP: 2/6
  3939 | D:5      | Entered Level 5 of the Dungeon
  4566 | D:4      | Reached skill level 8 in Unarmed Combat
  4566 | D:4      | Your scales start taking on a lurid green colour.
  4566 | D:4      | Reached XP level 7. HP: 51/57 MP: 4/7
  4566 | D:4      | Gained mutation: Your system is resistant to poisons.
                  | (rPois) [Green Draconian growth]
  5819 | D:6      | Noticed a steam dragon
  5828 | D:6      | Killed a steam dragon
  5829 | D:6      | Reached skill level 9 in Unarmed Combat
  5829 | D:6      | Reached XP level 8. HP: 41/63 MP: 4/8
  6856 | D:6      | Found a staircase to the Ecumenical Temple.
  6875 | D:6      | Found a sacrificial altar of Ru.
  6889 | D:6      | Found a hazy altar of Hepliaklqana.
  6894 | D:6      | Reached skill level 10 in Unarmed Combat
  6912 | D:6      | Learned a level 1 spell: Apportation
  6918 | D:6      | Learned a level 5 spell: Blade Hands
  7092 | D:6      | Reached skill level 1 in Transmutations
  7188 | Temple   | Entered the Ecumenical Temple
  7567 | Temple   | Became a worshipper of Dithmenos the Shadowed
  7567 | Temple   | Reached * piety under Dithmenos
  7567 | Temple   | Reached ** piety under Dithmenos
  7674 | D:7      | Reached skill level 1 in Spellcasting
  7674 | D:7      | Reached skill level 1 in Translocations
  7943 | D:7      | Reached XP level 9. HP: 61/70 MP: 8/12
  8017 | D:7      | Noticed Menkaure
  8023 | D:7      | Killed Menkaure
  8136 | D:7      | Noticed Dowan
  8139 | D:7      | Noticed Duvessa
  8161 | D:7      | Killed Duvessa
  8169 | D:7      | Killed Dowan
  8213 | D:7      | Found a runed translucent gate.
  8213 | D:7      | Found a runed translucent gate.
  8213 | D:7      | Found a runed translucent gate.
  8213 | D:7      | Noticed Cheops's ghost (novice NaFE)
  8222 | D:7      | Noticed Harold
  8754 | D:7      | Slain by Harold

Illustrated notes

Levels and vault maps discovered:
D:1:      matt_arrival_refuge, layout_basic
D:2:      layout_loops_corners, ebering_ecumenical_altar_petrified,
          minmay_misc_feat_tower, kennysheep_generic_room_7
D:3:      layout_basic
D:4:      layout_gridville, serial_shops, nicolae_shop_trees,
          minmay_hollow_rounded_squares
D:5:      layout_loops_cross
D:6:      layout_loops_corners, jmf_multi_god_temple, temple_doors_ab
D:7:      layout_rooms, fedhas_altar_decomposition, gammafunk_ghost_necromancy,
          uniq_harold, uniq_duvessa, uniq_menkaure
Temple:   minmay_temple_bridge_d

Skill      XL: |  1  2  3  4  5  6  7  8  9 |
---------------+----------------------------+-----
Unarmed Combat | 4 5 7 8 9 10 | 10.5
Shields        | 4 |  4.0
Transmutations | 2 3 |  3.0
Spellcasting   | 2 |  2.7
Translocations | 2 |  2.9
Dodging        | 3 |  3.3
Fighting       | |  3.2
Stealth        | |  1.7

Action                   |  1- 3 |  4- 6 |  7- 9 || total
-------------------------+-------+-------+-------++-------
Melee: Short sword       |    88 |    71 |   167 ||   326
       Tailslap          |    11 |    17 |    57 ||    85
       Punch             |     3 |       |       ||     3
       Unarmed           |       |       |   104 ||   104
 Abil: Breathe Noxious F |       |       |     4 ||     4
  Use: Potion            |       |       |     1 ||     1
 Stab: Sleeping          |     3 |       |     9 ||    12
       Confused          |       |       |     3 ||     3
Armor: Skin              |    36 |    31 |    47 ||   114
Dodge: Dodged            |    52 |    48 |   122 ||   222
Block: Buckler           |       |       |   104 ||   104
